 Dungeon Crawl Stone Soup version 0.32-a0-485-g70f7560b1c (webtiles) character file.

Game seed: 15381231014472475567

71631 zenocrate the Severer (level 14, -10/141 HPs)
             Began as a Minotaur Chaos Knight on Feb 26, 2024.
             Was a Plaything of Xom.
             Killed by the raging water
             ... invoked by a water nymph
              (40 damage)
             ... on level 1 of the Shoals.
             The game lasted 00:32:47 (17691 turns).

zenocrate the Severer (Minotaur Chaos Knight)      Turns: 17691, Time: 00:32:48

Health: -10/141    AC: 26    Str: 21    XL:     14   Next: 98%
Magic:  13/13      EV: 17    Int: 11    God:    Xom [..*...]
Gold:   6          SH: 10    Dex: 11    Spells: 9/13 levels left

rFire   + + +        b - +7 broad axe (spect)
rCold   + + .        a - +0 kite shield
rNeg    . . .        T - +6 scale mail of Arroyf {rF++ rC++ Str-2}
rPois   +            M - +2 hat of the Amoeba {Dex+2}
rElec   .            X - +2 cloak {Stlth+}
rCorr   .            z - +0 pair of gloves
SInv    .            N - +0 pair of boots of Tuulyt {Harm rPois Will++ Str-4}
Will    +....        p - amulet of magic regeneration
Stlth   +            V - ring of protection from fire
HPRegen 1.23/turn    g - +5 ring of evasion
MPRegen 0.53/turn

%: harm (+30% outgoing, +20% incoming)
@: weak-willed, very slow
A: horns 2, retaliatory headbutt, iridescent scales 2, clever 1, regeneration 1,
robust 1, strong 2, wild magic 1, evolution 2
a: Renounce Religion


You were on level 1 of the Shoals.
You worshipped Xom.
You were a toy of Xom.
You visited 6 branches of the dungeon, and saw 20 of its levels.
You also visited: Bailey.

You collected 1775 gold pieces.
You spent 1769 gold pieces at shops.

Inventory:

Hand Weapons
 b - a +7 spectral broad axe (weapon)
Missiles
 A - 4 throwing nets
 C - 3 silver javelins
 F - 29 boomerangs
 R - a curare-tipped dart (quivered)
 Z - 2 javelins
Armour
 a - a +0 kite shield (worn)
 z - a +0 pair of gloves (worn)
 M - the +2 hat of the Amoeba (worn) {Dex+2}
   (You acquired it on level 2 of the Orcish Mines)

   Dex+2:     It affects your dexterity (+2).
 N - the +0 pair of boots of Tuulyt (worn) {Harm rPois Will++ Str-4}
   (You found it in a bailey)

   Str-4:     It affects your strength (-4).
   rPois:     It protects you from poison Will++: It greatly increases your
   willpower.
   Harm:      It increases damage dealt and taken.
 T - the +6 scale mail of Arroyf (worn) {rF++ rC++ Str-2}
   (You found it on level 5 of the Dungeon)

   Str-2:     It affects your strength (-2).
   rF++:      It greatly protects you from fire.
   rC++:      It greatly protects you from cold.
 X - a +2 cloak of stealth (worn)
Jewellery
 g - a +5 ring of evasion (right hand)
 p - an amulet of magic regeneration (around neck)
 V - a ring of protection from fire (left hand)
Wands
 j - a wand of flame (11)
 k - a wand of paralysis (9)
 n - a wand of light (9)
 r - a wand of iceblast (7)
 v - a wand of digging (5)
Scrolls
 c - 2 scrolls of butterflies
 e - a scroll of torment
 i - 4 scrolls of revelation
 m - a scroll of immolation
 q - a scroll of identify
 s - 2 scrolls of fear
 u - 4 scrolls of teleportation
 y - a scroll of silence
 E - a scroll of poison
 G - 2 scrolls of blinking
 I - 4 scrolls of fog
 O - 2 scrolls of vulnerability
Potions
 d - 3 potions of attraction
 h - 6 potions of magic
 l - a potion of enlightenment
 o - 3 potions of heal wounds
 t - 4 potions of brilliance
 w - a potion of ambrosia
 x - 3 potions of lignification
 B - 4 potions of haste
 D - a potion of invisibility
 H - 3 potions of resistance
 J - a potion of cancellation
 K - a potion of might
 P - 4 potions of curing
Miscellaneous
 U - a phantom mirror


   Skills:
 + Level 13.2 Fighting
 + Level 19.9 Axes
 + Level 8.9 Throwing
 + Level 9.7 Armour
 + Level 9.2 Dodging
 - Level 1.0 Stealth
 + Level 9.1 Shields
 * Level 8.1 Evocations


You had 9 spell levels left.
You knew the following spells:

 Your Spells              Type           Power      Damage    Failure   Level
a - Passage of Golubria   Tloc           0%         N/A       100%        4

Your spell library contained the following spells:

 Spells                   Type           Power      Damage    Failure   Level
 Freeze                   Ice            0%         1d3       88%         1
 Kiss of Death            Conj/Necr      0%         2d5       88%         1
 Cigotuvi's Dreadful Rot  Necr/Alch/Air  0%         N/A       96%         2
 Ensorcelled Hibernation  Hex/Ice        0%         N/A       96%         2
 Mercury Vapours          Alch/Air       0%         N/A       96%         2
 Static Discharge         Conj/Air       0%         3-3/arc   96%         2
 Confusing Touch          Hex            0%         N/A       99%         3
 Dazzling Flash           Conj/Hex       0%         N/A       99%         3
 Gell's Gravitas          Tloc           0%         N/A       99%         3
 Teleport Other           Tloc           0%         N/A       99%         3
 Tukima's Dance           Hex            0%         N/A       99%         3
 Volatile Blastmotes      Fire/Tloc      0%         2d10      99%         3
 Dispel Undead            Necr           0%         3d6       100%        4
 Flame Wave               Conj/Fire      0%         2d4       100%        4
 Fulminant Prism          Conj/Alch      0%         3d5       100%        4
 Iskenderun's Mystic Bla  Conj/Tloc      0%         2d3       100%        4
 Leda's Liquefaction      Alch/Erth      0%         N/A       100%        4
 Martyr's Knell           Necr/Summ      0%         N/A       100%        4
 Sticky Flame             Fire/Alch      0%         2d4       100%        4
 Summon Blazeheart Golem  Fire/Summ      0%         N/A       100%        4
 Lee's Rapid Deconstruct  Erth           0%         3d4*      100%        5
 Silence                  Hex/Air        0%         N/A       100%        5
 Yara's Violent Unravell  Hex/Alch       0%         3d3       100%        5
 Bombard                  Conj/Erth      0%         9d1       100%        6
 Death Channel            Necr           0%         N/A       100%        6
 Dispersal                Tloc           0%         N/A       100%        6
 Starburst                Conj/Fire      0%         6d3       100%        6
 Orb of Destruction       Conj           0%         9d5       100%        7
 Spellforged Servitor     Conj/Summ      0%         N/A       100%        7
 Lehudib's Crystal Spear  Conj/Erth      0%         10d2      100%        8
 Maxwell's Capacitive Co  Air            0%         ∞         100%        8


Dungeon Overview and Level Annotations

Branches:
Dungeon (10/15)            Temple (1/1) D:5            Lair (5/5) D:9
 Shoals (1/4) Lair:3       Spider (0/4) Lair:2        Slime (0/5) Lair:4
    Orc (2/2) D:10            Elf (1/3) Orc:2        Bailey (visited)

Altars:
Ashenzari
Cheibriados
Dithmenos
Elyvilon
Fedhas
Gozag
Hepliaklqana
Kikubaaqudgha
Makhleb
Nemelex Xobeh
Okawaru
Qazlal
Ru
Sif Muna
Trog
Uskayaw
Vehumet
Wu Jian
Xom
Yredelemnul
Zin
The Shining One
Beogh
Jiyva

Shops:
D:9 [   D:10 =   Orc:1 !   Orc:2 ?![*[

Annotations:
D:4 digging for stuff
D:5 3 runed translucent doors
Lair:1 1 runed translucent door


Innate Abilities, Weirdness & Mutations

You have a pair of horns on your head.
You reflexively headbutt those who attack you in melee.
You are mostly covered in iridescent scales. (AC +4)
Your mind is acute. (Int +4, Str/Dex -1)
Your natural rate of healing is unusually fast.
You are robust. (+10% HP)
Your muscles are very strong. (Str +8, Int/Dex -2)
Your spells are a little harder to cast, but a little more powerful.
You have great hidden genetic potential.


Message History

You hear a shout!
You hear an angry hiss.
Your unstable footing causes you to fumble your attack.
The sea snake bites you.
The water nymph points at you and mumbles some strange words.
The water swirls and strikes you!
The sea snake bites you but does no damage.
Unknown command.
Your unstable footing causes you to fumble your attack.
Xom smirks.
You feel aware of your surroundings. You block the sea snake's attack.
The sea snake bites you.
The merfolk hits you from afar with a +0 trident.
You block the merfolk's attack.
The merfolk aquamancer points at you and mumbles some strange words.
The shard of ice hits you!! You partially resist.
* * * LOW HITPOINT WARNING * * *
The water nymph closely misses you. The sea snake closely misses you.
You furiously retaliate!
You headbutt the sea snake.
Unknown command.
As you read the scroll of fear, it crumbles to dust.
You assume a fearsome visage.
The water nymph resists with almost no effort.
The merfolk aquamancer looks frightened!
The water nymph looks frightened!
The merfolk looks frightened!
The sea snake looks frightened!
The snapping turtle looks frightened!
The sea snake looks frightened!
The manticore looks frightened!
The faun easily resists.
The merfolk aquamancer looks frightened!
The water elemental is unaffected.
The merfolk resists with some effort.
The water elemental is unaffected.
The sea snake looks frightened!
The water elemental is unaffected.
The merfolk aquamancer gestures wildly while chanting.
The merfolk aquamancer blinks!
The merfolk hits you but does no damage.
The merfolk aquamancer casts a spell.
The merfolk aquamancer blinks!
The water nymph points at you and mumbles some strange words.
The water swirls and strikes you!!
You die...
Xom chuckles heartily!

,≈≈≈≈.~~.....~~~~,* ,
.≈≈..m........~~~
..≈...~.......~~~~~~
~ ,.......))....!.~~~
, ,......~)~.EH..~~~
,,.....~)~~m...~~.. ~
,.....~~~~SmS..~..,
.....~~Em~.~~~..~,,,
~ .....t~E§@~~S~~~~~~
,....m..~m~~~~.~..,,~
,
.......~.~~~~~~..,,,
........~~~~~~~~. ,,
~...#####..~~~~~~.,
~~ ~~
...,,,,###.~~~c~~ ~,
, ,* .~~~~~~ ~ * ~~~
~ ,* .~~~~~. , ~~~,
*,~~~~~ , *


You could see 3 sea snakes, 2 merfolk aquamancers, a snapping turtle (fleeing),
2 merfolk, a faun, a manticore (fleeing), 3 water elementals and 2 water nymphs.

Vanquished Creatures
  Gastronok (Lair:1)
  Donald (Orc:2)
  Snorg (Lair:4)
  The ghost of Gryn the Skirmisher, a journeyman DsHs of Cheibriados (Lair:1)
  Harold (Lair:2)
  A hydra (Lair:3)
  4 catoblepae
  2 dancing weapons (Orc:2)
  2 merfolk aquamancers (Shoals:1)
  16 death yaks
  3 orc high priests (Orc:2)
  A skyshark (Lair:2)
  8 orc sorcerers
  A deep elf zephyrmancer (Orc:2)
  4 manticores
  2 ugly things
  7 orc knights
  An oklob plant (Lair:4)
  2 cyclopes (D:8)
  2 kobold blastminers (Orc:2)
  5 black mambas
  9 cane toads
  The ghost of Sandpaper2 the Skirmisher, a novice GnHu of Elyvilon (D:5)
  An eye of devastation (Lair:5)
  A rime drake (Lair:2)
  3 kobold demonologists (D:10)
  8 komodo dragons
  A troll (Orc:1)
  2 merfolk (Shoals:1)
  A hornet (Lair:2)
  2 polar bears
  A tyrant leech (Lair:5)
  16 blink frogs
  A snapping turtle (Shoals:1)
  A jumping spider (Lair:2)
  Sigmund (D:3)
  A shadow (D:10)
  2 wraiths (D:10)
  3 spriggans (Lair:1)
  3 wyverns
  A spriggan (shapeshifter) (Orc:1)
  A basilisk (Lair:1)
  5 wargs
  64 yaks
  4 redbacks (Lair:2)
  2 steam dragons
  18 water moccasins
  An acid dragon (D:7)
  20 orc warriors
  An ice beast (D:6)
  6 black bears
  A sky beast (D:8)
  13 ogres
  11 wolves
  A weeping skull (D:8)
  2 kobold brigands
  10 bullfrogs
  5 gnoll sergeants
  3 scorpions
  9 wights
  16 killer bees
  5 electric eels
  13 howler monkeys
  11 hounds
  20 orc priests
  A bombardier beetle (D:5)
  4 gnoll boudas
  2 jellies
  A sleepcap (D:7)
  5 iguanas
  34 orc wizards
  10 hell rats
  26 gnolls
  5 adders
  9 river rats
  A shadow imp (D:6)
  A white imp (D:6)
  6 ufetubi
  2 dart slugs
  A ribbon worm (D:3)
  100 orcs
  4 bats
  4 endoplasms
  5 giant cockroaches
  8 goblins
  9 hobgoblins
  4 jackals
  18 kobolds
  3 quokkas
  8 ball pythons
  6 frilled lizards
  10 rats
  A spectral orc (D:8)
655 creatures vanquished.

Vanquished Creatures (collateral kills)
  A yak (Lair:1)
  2 gnolls (D:4)
  A hobgoblin (D:4)
4 creatures vanquished.

Vanquished Creatures (others)
  A water nymph (Shoals:1)
  A merfolk siren (Shoals:1)
  A blink frog (Lair:3)
  An orc priest (D:5)
  2 orcs (D:5)
  3 spectral weapons (Orc:2)
9 creatures vanquished.

Grand Total: 668 creatures vanquished

Notes
Turn   | Place    | Note
-------+----------+-------------------------------------------
     0 | D:1      | zenocrate the Minotaur Chaos Knight began the quest for the
                  | Orb.
     0 | D:1      | Reached XP level 1. HP: 19/19 MP: 0/0
   105 | D:1      | Reached skill level 4 in Axes
   123 | D:1      | XOM: divination: detect creatures
   206 | D:1      | Reached XP level 2. HP: 26/26 MP: 1/1
   241 | D:1      | XOM: silly message
   719 | D:2      | XOM: 2-stop teleportation journey
   801 | D:2      | Reached skill level 5 in Axes
   817 | D:2      | XOM: enchant monster (bad)
   862 | D:2      | Reached XP level 3. HP: 26/31 MP: 2/2
  1408 | D:2      | Identified the staff "Foklosafo" {rN+ rCorr Int+3 Necro
                  | Fire}
  1458 | D:3      | Noticed Sigmund
  1460 | D:3      | XOM: potion effect (might)
  1463 | D:3      | Killed Sigmund
  1464 | D:3      | Reached skill level 7 in Axes
  1464 | D:3      | Reached XP level 4. HP: 39/39 MP: 3/3
  1464 | D:3      | Reached XP level 5. HP: 45/45 MP: 4/4
  1736 | D:3      | XOM: silly message
  1834 | D:3      | Noticed a steam dragon
  1837 | D:3      | XOM: smoke on damage
  1839 | D:3      | Killed a steam dragon
  1840 | D:3      | Reached skill level 8 in Axes
  1840 | D:3      | Reached XP level 6. HP: 36/51 MP: 5/5
  2002 | D:3      | XOM: silly message
  2157 | D:4      | Found a shadowy altar of Dithmenos.
  2160 | D:4      | Found a hazy altar of Hepliaklqana.
  2190 | D:4      | XOM: give mutations
  2190 | D:4      | Gained mutation: Your movements are slightly less
                  | encumbered by armour. (ER -2) [Xom's grace]
  2190 | D:4      | Gained mutation: You are robust. (+10% HP) [Xom's grace]
  2337 | D:4      | Reached XP level 7. HP: 48/62 MP: 6/6
  2479 | D:4      | Reached skill level 9 in Axes
  2605 | D:4      | XOM: scenery: create altars
  2633 | D:4      | Found a stormy altar of Qazlal.
  2633 | D:4      | Found a radiant altar of Vehumet.
  2637 | D:4      | Found a bloodstained altar of Trog.
  2637 | D:4      | Found a hide-covered altar of Uskayaw.
  2638 | D:4      | Found a shimmering altar of Xom.
  2838 | D:4      | XOM: give mutations
  2838 | D:4      | Gained mutation: You are agile. (Dex +4, Str/Int -1) [Xom's
                  | grace]
  2838 | D:4      | Gained mutation: You are somewhat resistant to further
                  | mutation. [Xom's grace]
  2838 | D:4      | Gained mutation: You are partially covered in iridescent
                  | scales. (AC +2) [Xom's grace]
  2838 | D:4      | Gained mutation: You are mostly covered in iridescent
                  | scales. (AC +4) [Xom's grace]
  2971 | D:5      | Entered Level 5 of the Dungeon
  3040 | D:5      | XOM: 2-stop teleportation journey
  3071 | D:5      | Reached skill level 5 in Fighting
  3233 | D:5      | Reached skill level 10 in Axes
  3233 | D:5      | Reached XP level 8. HP: 69/77 MP: 7/7
  3332 | D:5      | Found a runed translucent gate.
  3332 | D:5      | Found a runed translucent gate.
  3332 | D:5      | Found a runed translucent gate.
  3335 | D:5      | Identified the +0 chain mail "Gissiash" {Fly rPois Dex+3}
  3335 | D:5      | Noticed Sandpaper2's ghost (novice GnHu)
  3336 | D:5      | XOM: scenery: 3 doors open
  3340 | D:5      | Found a roughly hewn altar of Beogh.
  3340 | D:5      | Identified the +6 scale mail of Arroyf {rF++ rC++ Str-2}
  3348 | D:5      | XOM: divine lightning
  3350 | D:5      | Killed Sandpaper2's ghost
  3509 | D:5      | Found a staircase to the Ecumenical Temple.
  3539 | Temple   | Entered the Ecumenical Temple
  3737 | D:5      | XOM: divination: magic mapping
  3796 | D:5      | Reached skill level 1 in Throwing
  3869 | D:5      | Reached skill level 11 in Axes
  3950 | D:6      | XOM: god gift: great mace {god gift}
  4094 | D:6      | XOM: scenery: summon butterflies
  4148 | D:6      | XOM: give mutation
  4148 | D:6      | Lost mutation: Your movements are slightly less encumbered
                  | by armour. (ER -2) [Xom's mischief]
  4161 | D:6      | Reached skill level 1 in Shields
  4168 | D:6      | Reached XP level 9. HP: 36/86 MP: 8/8
  4356 | D:6      | XOM: 3-stop teleportation journey
  4518 | D:7      | Reached skill level 12 in Axes
  4625 | D:7      | Found a flagged portal.
  4634 | Bailey   | Entered a bailey
  4641 | Bailey   | Noticed an orc warlord
  4760 | Bailey   | Found a runed translucent gate.
  4760 | Bailey   | Found a runed translucent gate.
  4760 | Bailey   | Found a runed translucent gate.
  4760 | Bailey   | XOM: 5-stop teleportation journey
  5052 | Bailey   | XOM: enchant monster (good)
  5056 | Bailey   | an orc warlord changed into a green ugly thing
  5056 | Bailey   | Noticed a green ugly thing
  5056 | Bailey   | XOM: polymorph orc warlord -> green ugly thing
  5058 | Bailey   | XOM: enchant monster (good)
  5066 | Bailey   | Killed a green ugly thing
  5067 | Bailey   | Reached skill level 13 in Axes
  5235 | Bailey   | Identified the +0 pair of boots of Tuulyt {Harm rPois
                  | Will++ Str-4}
  5247 | Bailey   | Reached skill level 18 in Axes
  5247 | Bailey   | Reached XP level 10. HP: 94/94 MP: 9/9
  5420 | D:7      | XOM: enchant monster (good)
  5618 | D:7      | You fall into a shaft and drop 2 floors!
  5627 | D:9      | XOM: scenery: 1 doors open
  5691 | D:9      | XOM: scenery: summon butterflies
  5771 | D:9      | XOM: 4-stop teleportation journey
  5779 | D:9      | Identified the +6 scale mail "Akhlen" {rC+ Stlth+}
  5801 | D:9      | XOM: confuse monster(s)
  5806 | D:9      | Found a staircase to the Lair.
  5817 | D:9      | Identified the +0 leather armour of Yguitaer {Rampage
                  | ^Drain rElec Str-2}
  5965 | D:8      | Reached skill level 1 in Evocations
  6219 | D:7      | XOM: butterfly on damage
  6327 | D:7      | XOM: scenery: summon butterflies
  6353 | D:7      | XOM: polymorph butterfly -> jackal
  6514 | D:8      | Noticed a cyclops
  6519 | D:8      | XOM: polymorph orc priest -> ball python
  6527 | D:8      | Killed a cyclops
  6538 | D:8      | Reached XP level 11. HP: 38/101 MP: 10/10
  6575 | D:8      | XOM: scenery: 2 doors close
  6685 | D:8      | XOM: polymorph howler monkey -> jackal
  6867 | D:8      | XOM: give mutations
  6867 | D:8      | Gained mutation: You have sharp toenails. [Xom's mischief]
  6867 | D:8      | Lost mutation: You are mostly covered in iridescent scales.
                  | (AC +4) [Xom's mischief]
  7520 | D:8      | Found a basalt altar of Yredelemnul.
  7531 | D:8      | Reached skill level 5 in Dodging
  7580 | D:8      | Found a glowing golden altar of the Shining One.
  8178 | D:9      | Got Nyqysos's Continuing the Wisdom of the Ancients
  8207 | D:9      | Found an opulent altar of Gozag.
  8209 | D:9      | XOM: divination: detect items
  8219 | D:9      | Found Nakibaj's Armour Shop.
  8224 | D:9      | Bought a +2 cloak of stealth for 301 gold pieces
  8290 | D:9      | Found a shimmering blue altar of Sif Muna.
  8291 | D:9      | Found a sacrificial altar of Ru.
  8422 | D:9      | XOM: cloud trail
  8878 | Lair:1   | Entered Level 1 of the Lair of Beasts
  9045 | Lair:1   | Noticed Gastronok
  9047 | Lair:1   | XOM: summons friendly white imp
  9056 | Lair:1   | Killed Gastronok
  9057 | Lair:1   | Reached skill level 5 in Armour
  9079 | Lair:1   | Reached skill level 5 in Throwing
  9095 | Lair:1   | XOM is BORED!
  9095 | Lair:1   | XOM: polymorph white imp -> iron imp
  9257 | Lair:1   | XOM: noise
  9302 | Lair:1   | XOM: draining
  9319 | Lair:1   | XOM: scenery: 2 doors open
  9329 | Lair:1   | Reached XP level 12. HP: 100/101 MP: 11/11
  9445 | Lair:1   | Found a runed translucent door.
  9447 | Lair:1   | Noticed Gryn's ghost (journeyman DsHs)
  9453 | Lair:1   | Identified the +4 spear "Ultimatum" {vamp, rF+ Str+3 Int+3}
  9565 | Lair:1   | XOM: give mutations
  9565 | Lair:1   | Gained mutation: Your natural rate of healing is unusually
                  | fast. [Xom's grace]
  9565 | Lair:1   | Lost mutation: You are somewhat resistant to further
                  | mutation. [Xom's grace]
  9565 | Lair:1   | Gained mutation: You have hidden genetic potential. [Xom's
                  | grace]
  9565 | Lair:1   | Gained mutation: You possess an exceptional clarity of
                  | mind. [Xom's grace]
  9565 | Lair:1   | Gained mutation: Your spells are a little harder to cast,
                  | but a little more powerful. [Xom's grace]
  9827 | Lair:1   | Reached skill level 5 in Shields
  9937 | Lair:2   | XOM: potion effect (brilliance)
  9977 | Lair:2   | XOM: polymorph water moccasin -> river rat
 10058 | Lair:2   | Reached skill level 1 in Stealth
 10093 | Lair:2   | Noticed Harold
 10105 | Lair:2   | Killed Harold
 10129 | Lair:2   | XOM: polymorph steam dragon -> ball python
 10229 | Lair:2   | Found a hole to the Spider Nest.
 10258 | Lair:2   | XOM: divination: detect items
 10280 | Lair:2   | Identified the +0 whip "Galusch" {freeze, rElec rF+}
 10292 | Lair:2   | XOM: destruction
 10298 | Lair:2   | Reached skill level 10 in Fighting
 10390 | Lair:2   | XOM: scenery: summon butterflies
 10656 | Lair:2   | XOM: divination: magic mapping
 10765 | Lair:2   | Learned a level 4 spell: Passage of Golubria
 10780 | Lair:2   | XOM: 4-stop teleportation journey
 10784 | Lair:3   | Noticed a seven-headed hydra
 10800 | Lair:3   | XOM: confuse monster(s)
 10804 | Lair:3   | Reached skill level 5 in Evocations
 10804 | Lair:3   | Killed a seven-headed hydra
 10805 | Lair:3   | Found a staircase to the Shoals.
 10847 | Lair:3   | XOM: confuse monster(s)
 10856 | Lair:3   | Reached skill level 19 in Axes
 10859 | Lair:3   | XOM: enchant monster (good)
 10908 | Lair:3   | Noticed a death yak
 10908 | Lair:3   | Noticed a death yak
 10919 | Lair:3   | Noticed a death yak
 10923 | Lair:3   | Noticed a death yak
 10927 | Lair:3   | Noticed a death yak
 10928 | Lair:3   | Killed a death yak
 10928 | Lair:3   | Noticed a death yak
 10935 | Lair:3   | XOM: fog
 10940 | Lair:3   | Killed a death yak
 10940 | Lair:3   | XOM: cast spell 'Leda's Liquefaction'
 10941 | Lair:3   | Reached XP level 13. HP: 106/124 MP: 12/12
 10954 | Lair:3   | XOM: enchant monster (good)
 10955 | Lair:3   | XOM: scenery: 1 doors open
 10959 | Lair:3   | XOM: destruction
 10965 | Lair:3   | XOM: cleaving
 10975 | Lair:3   | Gained mutation: You are mostly covered in iridescent
                  | scales. (AC +4) [hidden potential]
 10997 | Lair:3   | XOM: scenery: create altars
 11094 | Lair:3   | XOM: cloud trail
 11249 | Lair:3   | XOM: divination: detect creatures
 11381 | Lair:3   | XOM: divination: detect items
 11481 | Lair:3   | XOM: summons 13 friendly demons
 11622 | Lair:3   | XOM: fog
 11798 | Lair:3   | XOM: cloud trail
 12179 | Lair:4   | XOM: enchant monster (bad)
 12265 | Lair:4   | XOM: 3-stop teleportation journey
 12323 | Lair:4   | XOM: 1-stop teleportation journey
 12387 | Lair:4   | Noticed Snorg
 12388 | Lair:4   | XOM: destruction
 12398 | Lair:4   | Killed Snorg
 12735 | Lair:4   | Found a staircase to the Slime Pits.
 12741 | Lair:4   | Found a viscous altar of Jiyva.
 13411 | Lair:1   | XOM: scenery: 2 doors open
 13423 | Lair:1   | Killed Gryn's ghost
 13568 | Lair:5   | Entered Level 5 of the Lair of Beasts
 13636 | Lair:5   | Got the Vellum of the White Inferno
 13651 | Lair:5   | XOM: confuse monster(s)
 13762 | Lair:5   | XOM: give mutations
 13762 | Lair:5   | Gained mutation: Your muscles are strong. (Str +4, Int/Dex
                  | -1) [Xom's grace]
 13762 | Lair:5   | Gained mutation: You expend magic power (3 MP) to
                  | strengthen your wands. [Xom's grace]
 13762 | Lair:5   | Gained mutation: Your mind is acute. (Int +4, Str/Dex -1)
                  | [Xom's grace]
 13762 | Lair:5   | Gained mutation: Your muscles are very strong. (Str +8,
                  | Int/Dex -2) [Xom's grace]
 13881 | Lair:5   | XOM: polymorph death yak -> tyrant leech
 13901 | Lair:5   | XOM: cleaving
 13918 | Lair:5   | XOM: summons 3 friendly demons
 13922 | Lair:5   | XOM: enchant monster (bad)
 13924 | Lair:5   | XOM: blink monster(s)
 13942 | Lair:5   | Reached XP level 14. HP: 86/137 MP: 13/13
 13997 | Lair:5   | XOM: 1-stop teleportation journey
 14023 | Lair:5   | XOM: stat loss: -1 Str (19/20)
 14224 | Lair:5   | XOM: give mutations
 14224 | Lair:5   | Lost mutation: You possess an exceptional clarity of mind.
                  | [Xom's mischief]
 14224 | Lair:5   | Gained mutation: You passively dampen the noise of your
                  | surroundings. [Xom's mischief]
 14224 | Lair:5   | Lost mutation: You expend magic power (3 MP) to strengthen
                  | your wands. [Xom's mischief]
 14266 | Lair:5   | XOM: noise
 14467 | Lair:5   | XOM: summons 1 hostile demon
 14561 | Lair:5   | XOM: confusion
 14562 | Lair:5   | XOM: divination: detect items
 14663 | Lair:5   | XOM: polymorph catoblepas -> elephant
 14668 | Lair:5   | XOM: polymorph elephant -> eye of devastation
 14695 | Lair:5   | XOM: give mutations
 14695 | Lair:5   | Lost mutation: You have sharp toenails. [Xom's mischief]
 14695 | Lair:5   | Lost mutation: You are agile. (Dex +4, Str/Int -1) [Xom's
                  | mischief]
 14920 | Lair:1   | XOM: summons 1 hostile shadow creature
 15012 | D:10     | Entered Level 10 of the Dungeon
 15146 | D:10     | Found a staircase to the Orcish Mines.
 15241 | D:10     | XOM: summons 1 hostile demon
 15638 | D:10     | XOM: give mutations
 15638 | D:10     | Lost mutation: You passively dampen the noise of your
                  | surroundings. [Xom's mischief]
 15638 | D:10     | Gained mutation: You have great hidden genetic potential.
                  | [Xom's mischief]
 15756 | D:10     | XOM: silly message
 15792 | D:10     | Found Immasin's Jewellery Shoppe.
 15845 | D:10     | Found a burning altar of Makhleb.
 15850 | D:10     | Found a glowing silver altar of Zin.
 15944 | Orc:1    | Entered Level 1 of the Orcish Mines
 16014 | Orc:1    | XOM is BORED!
 16014 | Orc:1    | XOM: 1-stop teleportation journey
 16028 | Orc:1    | XOM: polymorph kobold blastminer -> boulder beetle
 16035 | Orc:1    | XOM: polymorph boulder beetle -> shapeshifter
 16158 | Orc:1    | Found Neofras's Distillery.
 16162 | Orc:1    | Bought 2 potions of haste for 320 gold pieces
 16162 | Orc:1    | Bought a potion of might for 64 gold pieces
 16162 | Orc:1    | Bought a potion of haste for 160 gold pieces
 16231 | Orc:2    | Entered Level 2 of the Orcish Mines
 16231 | Orc:2    | Noticed Donald
 16231 | Orc:2    | XOM: potion effect (haste)
 16233 | Orc:2    | XOM: confuse monster(s)
 16251 | Orc:2    | Killed Donald
 16268 | Orc:2    | Found Plog's Magic Scroll Shop.
 16307 | Orc:2    | Bought a scroll of identify for 22 gold pieces
 16307 | Orc:2    | Bought a scroll of enchant weapon for 82 gold pieces
 16307 | Orc:2    | Bought a scroll of identify for 22 gold pieces
 16307 | Orc:2    | Bought a scroll of identify for 22 gold pieces
 16307 | Orc:2    | Bought a scroll of identify for 22 gold pieces
 16307 | Orc:2    | Bought a scroll of identify for 22 gold pieces
 16307 | Orc:2    | Bought a scroll of identify for 22 gold pieces
 16307 | Orc:2    | Bought a scroll of fog for 44 gold pieces
 16307 | Orc:2    | Identified 2 scrolls of acquirement
 16313 | Orc:2    | Acquired the +2 hat of the Amoeba {Dex+2}
 16325 | Orc:2    | Acquired the +1 tower shield of the World {Fly rF+}
 16720 | Orc:2    | XOM is BORED!
 16724 | Orc:2    | Found a staircase to the Elven Halls.
 16771 | Orc:2    | XOM: divination: magic mapping
 16773 | Orc:2    | Found Womin's Antique Armour Emporium.
 16788 | Orc:2    | Found Caariets's Armour Shop.
 16815 | Orc:2    | XOM: potion effect (attraction)
 16919 | Orc:2    | Bought a glowing plate armour for 546 gold pieces
 16923 | Orc:2    | Found Uxkah's Distillery.
 16925 | Orc:2    | Found Redeul's General Store.
 16931 | Orc:2    | Bought a potion of invisibility for 120 gold pieces
 17466 | Elf:1    | Entered Level 1 of the Elven Halls
 17672 | Shoals:1 | XOM: noise
 17672 | Shoals:1 | Entered Level 1 of the Shoals
 17682 | Shoals:1 | XOM: silly message
 17690 | Shoals:1 | XOM: divination: magic mapping
 17691 | Shoals:1 | Killed from afar by a water nymph

Illustrated notes

Levels and vault maps discovered:
D:1:      arrival_zaba_pyramid, layout_basic
D:2:      cheibrodos_old_hovel, layout_basic
D:3:      layout_loops_cross, grunt_decor_one_mirror, minmay_liquid_box,
          uniq_sigmund
D:4:      layout_basic, grunt_temple_overflow_open,
          chequers_serial_rivers_marsh, grunt_decor_mini_mirrors,
          hangedman_decor_riveting, lightli_corner_chamber
D:5:      layout_gridville, minmay_temple_entry_statues_pillars,
          biasface_ghost_orc_armoury
D:6:      layout_rooms
D:7:      layout_loops_corners, enter_bailey_7
D:8:      lemuel_castle_with_subvaults [lemuel_castle_interior_original],
          layout_basic, yredelemnul_forgotten_temple_becter,
          nicolae_tso_carved_into_rock, kennysheep_generic_room_5
D:9:      layout_stronghold, minitemple, erik_lair_orcish_takeover,
          serial_glass, glass_columns_a, glass_columns_a,
          minmay_strange_pillars, feat_on_display, serial_shops,
          nicolae_shop_hallway_stairs
D:10:     layout_loops_corners, grunt_temple_overflow_order_and_chaos_2,
          hiddenorc2_lemuel, nicolae_stop_n_shop_2, small_statue_intersection,
          kennysheep_boxes
Temple:   nicolae_temple_godpark
Lair:1:   layout_chaotic_city, ebering_ghost_funeral_grove,
          chequers_serial_rivers_micro_c, beast_lair_carwin_7, uniq_gastronok
Lair:2:   layout_long_grid, spider_nest_entry_a, grunt_forest_stairs_basic,
          grunt_megastairs_2, uniq_harold
Lair:3:   layout_layer_cave, elwin_shoals_entry_rocks, grunt_megastairs_1
Lair:4:   nzn_motion_control, layout_cave_pods, minmay_slime_entry_oklob_open,
          kennysheep_abandoned_house, uniq_snorg
Lair:5:   evilmike_catoblepas_cave, layout_gridlike
Shoals:1: layout_shoals, nicolae_splish_splash, uniq_mlioglotl
Orc:1:    layout_caves, serial_shops, nicolae_shop_back_alley_shop,
          nicolae_orc_found_a_spring
Orc:2:    st_orc_elflike, layout_caves, serial_shops, shop, uniq_donald
Elf:1:    minmay_elf_arrival_circle, layout_onion_city, basic_altar,
          minmay_elf_annihilation

Skill      XL: |  1  2  3  4  5  6  7  8  9 10 11 12 13 14 |
---------------+-------------------------------------------+-----
Axes           | 4 5 7 8 10 11 18 19 | 19.9
Dodging        | 2 3 4 5 6 8 9 |  9.2
Fighting       | 5 7 9 10 11 13 | 13.2
Throwing       | 3 5 6 7 8 |  8.9
Shields        | 1 2 4 6 7 9 |  9.1
Armour         | 3 5 6 8 9 |  9.7
Evocations     | 1 3 5 6 8 |  8.1
Stealth        | 1 |  1.0

Action                     |  1- 3 |  4- 6 |  7- 9 | 10-12 | 13-15 || total
---------------------------+-------+-------+-------+-------+-------++-------
  Melee: Hand axe          |    67 |    58 |    57 |       |       ||   182
         Headbutt          |     6 |     6 |    57 |   118 |   123 ||   310
         War axe           |       |       |   146 |       |       ||   146
         Broad axe         |       |       |    14 |   491 |   611 ||  1116
  Throw: Dart              |       |       |       |       |     3 ||     3
  Evoke: Wand              |       |       |     5 |     4 |       ||     9
    Use: Scroll            |       |       |     8 |     6 |    20 ||    34
         Potion            |       |       |     3 |       |     7 ||    10
   Stab: Petrified         |       |       |     1 |     1 |     1 ||     3
         Petrifying        |       |       |     1 |       |     1 ||     2
         Sleeping          |       |       |     1 |       |     1 ||     2
         Paralysed         |       |       |     5 |       |       ||     5
         Distracted        |       |       |     1 |     1 |     1 ||     3
         Confused          |       |       |       |     4 |     4 ||     8
 Armour: Leather armour    |    40 |    22 |   113 |    20 |       ||   195
         Scale mail        |       |       |       |   213 |   341 ||   554
  Dodge: Dodged            |    57 |    47 |   196 |   292 |   364 ||   956
  Block: Buckler           |       |       |       |    75 |   129 ||   204
         Kite shield       |       |       |       |       |    20 ||    20

Table legend: (Time is in decaauts)
 A = Elapsed time spent in this place.
 B = Non-inter-level travel time spent in this place.
 C = Inter-level travel time spent in this place.
 D = Time resting spent in this place.
 E = Time spent auto-exploring this place.
 F = Levels seen in this place.
 G = Mean time per level.
                   A        B        C        D        E       F      G
               +--------+--------+--------+--------+--------+-----+--------+
         Total |  17382 |  16032 |   1350 |    182 |  12535 |  21 |  827.7 |
       Dungeon |   9271 |   8614 |    657 |     83 |   6739 |  10 |  927.1 |
        Temple |      1 |      1 |      0 |      0 |      0 |   1 |    1.0 |
          Lair |   6135 |   5637 |    498 |     99 |   4464 |   5 | 1227.0 |
        Shoals |     18 |     18 |      0 |      0 |      0 |   1 |   18.0 |
  Orcish Mines |   1315 |   1120 |    195 |      0 |    845 |   2 |  657.5 |
   Elven Halls |      5 |      5 |      0 |      0 |      0 |   1 |    5.0 |
        Bailey |    633 |    633 |      0 |      0 |    486 |   1 |  633.0 |
               +--------+--------+--------+--------+--------+-----+--------+

Top non-repeatable levels by time:
     D:8: 1496 daAuts
  Lair:3: 1407 daAuts
  Lair:1: 1325 daAuts
  Lair:5: 1223 daAuts
  Lair:4: 1215 daAuts
     D:9: 1175 daAuts
    D:10: 1013 daAuts
     D:5: 1005 daAuts
     D:7: 995 daAuts
  Lair:2: 964 daAuts
   Orc:2: 932 daAuts
     D:4: 806 daAuts
     D:2: 775 daAuts
     D:3: 697 daAuts
     D:1: 685 daAuts
